 Dungeon Crawl Stone Soup version bcrawl-1.19.1 (webtiles) character file.

Game seed: 17156595297381299242

120 JackS81 the Vandal (level 5, -4/44 HPs)
             Began as a Hill Orc Archaeologist on Dec 1, 2019.
             Slain by a gnoll
             ... wielding a +0 flail
              (10 damage)
             ... on level 2 of the Dungeon.
             The game lasted 00:08:54 (2257 turns).

JackS81 the Vandal (Hill Orc Archaeologist)         Turns: 2257, Time: 00:08:55

Health: -4/44      AC:  6    Str: 12 (14) XL:     5   Next: 4%
Magic:  5/5        EV: 12    Int: 12 (14) God:
Gold:   152        SH:  0    Dex: 11 (13) Spells: 4/4 levels left

rFire    + . .     SeeInvis .   a - +0 whip
rCold    + . .     Gourm    .   (no shield)
rNeg     . . .     Faith    .   b - +1 robe
rPois    +         Spirit   .   r - +1 hat
rElec    +         Reflect  .   (no cloak)
rCorr    +         Harm     .   (no gloves)
MR       .....                  d - +1 pair of boots
Stlth    ++........             t - amulet of regeneration
HPRegen  0.54/turn              h - +3 ring of dexterity
MPRegen  0.09/turn              (no ring)

@: resistant, studying Slings
A: no striking features
a: no special abilities


You were on level 2 of the Dungeon.
You were not hungry.

You visited 1 branch of the dungeon, and saw 3 of its levels.

You collected 152 gold pieces.

Inventory:

Hand Weapons
 a - a +0 whip (weapon)
 n - a +0 club
 w - a +0 hunting sling
Missiles
 i - 794 stones (quivered)
 A - 118 javelins
Armour
 b - a +1 robe (worn)
 c - a +1 hat
 d - a +1 pair of boots (worn)
 p - a cursed +0 ring mail
 r - a +1 hat (worn)
Jewellery
 h - a +3 ring of dexterity (left hand)
 t - an amulet of regeneration (around neck)
Scrolls
 k - 2 scrolls of amnesia {unknown}
 m - a scroll of teleportation {unknown}
 o - a scroll of fog {unknown}
 u - a scroll of magic mapping {unknown}
 x - a scroll of remove curse {unknown}
 y - 2 scrolls of fear {unknown}
 D - 3 scrolls of identify {unknown}
Potions
 l - a potion of ambrosia {unknown}
 q - a potion of degeneration
 s - a potion of curing {unknown}
 v - 2 potions of lignification {unknown}
 B - a potion of heal wounds {unknown}
 C - a potion of berserk rage {unknown}
Books
 e - a manual of Slings
Miscellaneous
 f - an ancient crate
Comestibles
 g - 5 rations {!d}
 z - a chunk of flesh


   Skills:
 + Level 2.8 Fighting
   Level 2.8 Short Blades
   Level 2.8 Long Blades
   Level 2.8 Axes
   Level 2.8 Maces & Flails
   Level 2.8 Polearms
   Level 2.8 Staves
 - Level 3.7 Slings
 + Level 2.5 Dodging
 - Level 2.6 Stealth
   Level 2.8 Unarmed Combat


You had 4 spell levels left.
You didn't know any spells.
Your spell library was empty.

Dungeon Overview and Level Annotations

Branches:
Dungeon (3/12)

Altars:
Dithmenos


Message History

The gnoll hits you from afar with a +0 spear.
You hit the gnoll but do no damage.
The gnoll is severely wounded.
The gnoll closely misses you. The gnoll hits you with a +0 spear.
The gnoll hits you from afar with a +0 spear!
The gnoll hits you with a +0 spear.
* * * LOW HITPOINT WARNING * * *
The gnoll completely misses you.
There is a stone staircase leading up here.
The gnoll hits you but does no damage. The gnoll hits you with a +0 flail!
* * * LOW HITPOINT WARNING * * *
You climb upwards.
There is a stone staircase leading down here.
It was a potion of degeneration.
There was something very wrong with that liquid.
You feel weakened.
You feel dopey.
You feel clumsy.
It was a potion of resistance.
You feel protected. The gnoll hits you with a +0 flail!
You die...

.###............###..#.#
..#..................#.#
..........#....#####.^.#
.......#.####..# #....##
...†.....# ##..###.##.#
.......#.###.......##.#
###........#..........#
##................#.###
#...............@g..#
...................##
...................#
.#...........##...##
......##...#.##...##
.##..#######.#.....##
...#.#######.#......#
.#...........#......###
.###...##.............####


You could see a gnoll.

Vanquished Creatures
  A howler monkey (D:2)
  Robin (D:2)
  An adder (D:3)
  2 worms (D:2)
  A dart slug (D:1)
  3 leopard geckos
  A ball python (D:2)
  3 bats
  A giant cockroach (D:2)
  7 hobgoblins
  A frilled lizard (D:2)
  18 goblins
  4 kobolds
  2 rats
46 creatures vanquished.

Notes
Turn   | Place    | Note
-------+----------+-------------------------------------------
     0 | D:1      | JackS81 the Hill Orc Archaeologist began the quest for the
                  | Orb.
     0 | D:1      | Reached XP level 1. HP: 15/15 MP: 1/1
   112 | D:1      | Reached skill level 1 in Fighting
   248 | D:1      | Reached XP level 2. HP: 16/23 MP: 2/2
   961 | D:1      | Reached XP level 3. HP: 29/29 MP: 3/3
  1235 | D:2      | Reached skill level 1 in Slings
  1236 | D:2      | Noticed Robin
  1752 | D:2      | Killed Robin
  1752 | D:2      | Reached skill level 2 in Slings
  1764 | D:2      | Reached XP level 4. HP: 37/37 MP: 4/4
  1828 | D:2      | Reached skill level 3 in Slings
  1907 | D:2      | Found a shadowy altar of Dithmenos.
  2190 | D:3      | Reached XP level 5. HP: 41/44 MP: 5/5
  2257 | D:2      | Slain by a gnoll

Skill      XL: |  1  2  3  4 |
---------------+-------------+-----
Fighting       | 1 2 |  2.8
Slings         | 2 3 |  3.7
Short Blades   | |  2.8
Long Blades    | |  2.8
Axes           | |  2.8
Maces & Flails | |  2.8
Polearms       | |  2.8
Staves         | |  2.8
Dodging        | |  2.5
Stealth        | |  2.6
Unarmed Combat | |  2.8

Action                   |  1- 3 |  4- 6 || total
-------------------------+-------+-------++-------
Melee: Whip              |   118 |    23 ||   141
       Punch             |     2 |       ||     2
 Fire: Hunting sling     |    44 |    44 ||    88
Throw: Stone             |    16 |       ||    16
  Use: Potion            |       |     2 ||     2
 Stab: Sleeping          |     3 |       ||     3
  Eat: Chunk             |     3 |     1 ||     4
Armor: Robe              |    25 |     3 ||    28
Dodge: Dodged            |    79 |    16 ||    95
